 Dungeon Crawl Stone Soup version 0.27.1-34-g3ba077fa99 (webtiles) character file.

Game seed: 15484860025667416857

31 Delamore the Sneak (level 3, -3/24 HPs)
             Began as an Octopode Brigand on Feb 11, 2022.
             Slain by an ogre (24 damage)
             ... on level 2 of the Dungeon.
             The game lasted 00:00:33 (927 turns).

Delamore the Sneak (Octopode Brigand)                Turns: 927, Time: 00:00:34

Health: -3/24      AC:  1    Str: 10    XL:     3   Next: 22%
Magic:  3/3        EV: 12    Int: 13    God:
Gold:   95         SH:  0    Dex: 14    Spells: 2/2 levels left

rFire    . . .     SeeInvis .   a - +2 dagger
rCold    . . .     Faith    .   (no shield)
rNeg     . . .     Spirit   .   (helmet restricted)
rPois    .         Reflect  .   (no amulet)
rElec    .         Harm     .   (no ring)
rCorr    .         Rampage  .   (no ring)
Will     .....                  (no ring)
Stlth    ++++......             (no ring)
HPRegen  0.08/turn              (no ring)
MPRegen  0.08/turn              (no ring)
                                (no ring)
                                (no ring)

@: no status effects
A: almost no armour, amphibious, 8 rings, camouflage 1, gelatinous body 1,
(nimble swimmer 1), tentacles
a: no special abilities


You were on level 2 of the Dungeon.
You visited 1 branch of the dungeon, and saw 2 of its levels.

You collected 95 gold pieces.

Inventory:

Hand Weapons
 a - a +2 dagger (weapon)
Missiles
 b - 29 poisoned darts (quivered)
 c - 2 curare-tipped darts
Scrolls
 d - 2 scrolls of amnesia {unknown}
Potions
 e - 2 potions of haste {unknown}
 f - a potion of berserk rage {unknown}


   Skills:
 - Level 2.0 Fighting
 + Level 2.5 Short Blades
 - Level 2.0 Throwing
 - Level 1.0 Dodging
 * Level 6.4 Stealth


You had 2 spell levels left.
You didn't know any spells.
Your spell library was empty.

Dungeon Overview and Level Annotations

Branches:
Dungeon (2/15)

Altars:


Innate Abilities, Weirdness & Mutations

You cannot wear most types of armour.
You are amphibious.
You can wear up to eight rings at the same time.
Your skin changes colour to match your surroundings (Stealth+).
Your rubbery body absorbs attacks. (AC +1, EV +1)
((You are camouflaged near water. (Stealth+)))
You have tentacles for arms and can constrict up to eight enemies at once.


Message History

Found a fuming amethyst potion.
Found a club.
An adder comes into view.
An adder is nearby!
An adder is nearby!
The helpless adder fails to defend itself.
You impale the adder!!
You kill the adder!
You have reached level 3!
Your experience leads to an increase in your attributes!
Increase (S)trength, (I)ntelligence, or (D)exterity?
You feel agile.
A kobold comes into view. It is wielding a +0 dagger.
You see here a fuming amethyst potion.
A kobold is nearby!
A kobold is nearby!
A kobold is nearby!
The kobold shouts!
You hear a shout!
The kobold barely misses you.
You hit the kobold. You grab the kobold.
The kobold is heavily wounded.
You constrict the kobold, but do no damage.
The kobold hits you with a +0 dagger.
You hit the kobold.
You kill the kobold!
No target in view!
No target in view!
No target in view!
No target in view!
No target in view!
An ogre comes into view. It is wielding a +0 giant spiked club.
An ogre is nearby!
An ogre is nearby!
Things that are here:
a +0 dagger; 4 stones You barely miss the ogre.
You squeeze the ogre!
The ogre is moderately wounded.
The ogre hits you with a +0 giant spiked club!!
Ouch! That really hurt!
You die...

#....#.....#
#.####.#
+..........#
##.####.#
#######..#.#
#....)..#
..#.###..######
#.#..†......#
#..###.#.##.#
#..###!#.##.#
#...........#
#@..##.#.####
#O#.##.#...
...#....#.##.
######.### # ..
..# ...


You could see an ogre.

Vanquished Creatures
  An adder (D:2)
  3 bats (D:1)
  3 giant cockroaches
  4 hobgoblins
  3 kobolds
  2 ball pythons
  A frilled lizard (D:2)
  2 goblins (D:1)
  A rat (D:1)
20 creatures vanquished.

Notes
Turn   | Place    | Note
-------+----------+-------------------------------------------
     0 | D:1      | Delamore the Octopode Brigand began the quest for the Orb.
     0 | D:1      | Reached XP level 1. HP: 14/14 MP: 1/1
   128 | D:1      | Reached XP level 2. HP: 16/19 MP: 2/2
   261 | D:1      | Found a faded altar of an unknown god.
   384 | D:1      | Reached skill level 6 in Stealth
   915 | D:2      | Reached XP level 3. HP: 24/24 MP: 3/3
   925 | D:2      | Noticed an ogre
   927 | D:2      | Slain by an ogre

Illustrated notes

Levels and vault maps discovered:
D:1:      minmay_arrival_shattered_statue, layout_rooms,
          hellmonk_ecumenical_altar_run_dry, supply_closet_lemuel
D:2:      layout_basic

Skill      XL: |  1  2 |
---------------+-------+-----
Stealth        | 6 |  6.4
Fighting       | |  2.0
Short Blades   | |  2.5
Throwing       | |  2.0
Dodging        | |  1.0

Action                   || total
-------------------------++-------
Melee: Dagger            ||    39
       Constrict         ||    10
       Tentacles         ||     5
 Stab: Sleeping          ||     6
Armor: Skin              ||     2
Dodge: Dodged            ||    19
